 Dungeon Crawl Stone Soup version 0.22.1-1-ga44c0e5 (webtiles) character file.

79 Folque the Conjurer (level 4, -3/36 HPs)
             Began as a Draconian Conjurer on Oct 13, 2018.
             Slain by a gnoll
             ... wielding a +0 halberd
              (10 damage)
             ... on level 3 of the Dungeon.
             The game lasted 00:05:00 (1980 turns).

Folque the Conjurer (Draconian Conjurer)            Turns: 1980, Time: 00:05:03

Health: -3/36      AC:  5    Str:  8 (10) XL:     4   Next: 16%
Magic:  5/7        EV:  6    Int: 14 (17) God:
Gold:   49         SH:  0    Dex:  8 (11) Spells: 2/8 levels left

rFire    . . .     SeeInvis .   l - +0 spear
rCold    . . .     Gourm    .   (no shield)
rNeg     . . .     Faith    .   (armour unavailable)
rPois    .         Spirit   .   (helmet restricted)
rElec    .         Reflect  .   (no cloak)
rCorr    .         Harm     .   (no gloves)
MR       .....                  (no boots)
Stlth    ++........             (no amulet)
HPRegen  0.12/turn              (no ring)
MPRegen  0.10/turn              (no ring)

@: held
A: unfitting armour, cold-blooded, AC +5
a: no special abilities


You were on level 3 of the Dungeon.
You were very hungry.

You visited 1 branch of the dungeon, and saw 3 of its levels.

You collected 49 gold pieces.

Inventory:

Hand Weapons
 f - a +0 dagger
 l - a +0 spear (weapon)
Missiles
 e - 26 poisoned needles
 m - 2 tomahawks of returning (quivered)
Armour
 n - a +0 pair of gloves
Jewellery
 o - an uncursed ring of protection from cold {unknown}
Scrolls
 a - 3 scrolls of identify {unknown}
 d - a scroll of immolation {unknown}
 g - a scroll of amnesia {unknown}
 i - a scroll of random uselessness {unknown}
 j - a scroll of blinking {unknown}
 p - a scroll of magic mapping {unknown}
 q - a scroll of remove curse {unknown}
Potions
 k - a potion of cancellation {unknown}
Comestibles
 b - 4 rations


   Skills:
 + Level 2.3 Fighting
 - Level 1.8 Dodging
 - Level 1.7 Stealth
 + Level 2.6 Spellcasting
 * Level 4.7 Conjurations


You had 2 spell levels left.
You knew the following spells:

 Your Spells              Type           Power        Failure   Level  Hunger
a - Magic Dart            Conj           ###.         3%          1    #......
b - Searing Ray           Conj           ###...       4%          2    ###....
c - Dazzling Spray        Conj/Hex       #.....       26%         3    ###....

Your spell library contained the following spells:

 Spells                   Type           Power        Failure   Level  Hunger
 Iskenderun's Mystic Bla  Conj           ###.....     32%         4    #####..
 Force Lance              Conj/Tloc      #.......     63%         4    #####..
 Fulminant Prism          Conj/Hex       #.........   63%         4    #####..


Dungeon Overview and Level Annotations

Branches:
Dungeon (3/15)

Altars:
Trog


Innate Abilities, Weirdness & Mutations

Your plain brown scales are hard. (AC +5)
You cannot fit into any form of body armour.
You are cold-blooded and may be slowed by cold attacks.


Message History

You feel weakened.
You feel dopey.
You feel clumsy. The jackal bites you.
* * * LOW HITPOINT WARNING * * *
The jackal bites you but does no damage.
The gnoll barely misses you.
It was a potion of magic.
Magic courses through your body. The jackal barely misses you.
A jackal comes into view.
Casting: Searing Ray (safe; 4% risk of failure)
Confirm with . or Enter, or press ? or * to list all spells.
Aiming: Searing Ray (safe; 4% risk of failure)
Press: ? - help, Shift-Dir - straight line, f - jackal
Aim: a jackal The searing ray hits the jackal.
The jackal is severely wounded. (Press . to maintain the ray.)
The jackal barks!
The jackal bites you but does no damage.
The gnoll hits you from afar with a halberd!
You die...

#. #.
#.####
.... #...
..#
####.##.#
.....<.@#
###.#.#h#
.. .g. #.
..... #
#..##r#
#.# .# #.
.. .h #.


You could see a gnoll, 2 jackals and a rat.

Vanquished Creatures
  2 gnolls (D:2)
  A worm (D:2)
  A dart slug (D:1)
  A leopard gecko (D:2)
  A ball python (D:1)
  7 bats
  3 giant cockroaches (D:1)
  9 goblins
  6 hobgoblins
  6 kobolds
  2 quokkas (D:2)
  7 frilled lizards
  4 rats
50 creatures vanquished.

Notes
Turn   | Place    | Note
-------+----------+-------------------------------------------
     0 | D:1      | Folque the Draconian Conjurer began the quest for the Orb.
     0 | D:1      | Reached XP level 1. HP: 14/14 MP: 3/3
    73 | D:1      | Reached skill level 1 in Fighting
    78 | D:1      | Reached XP level 2. HP: 17/23 MP: 1/5
  1000 | D:2      | Reached XP level 3. HP: 28/29 MP: 6/6
  1238 | D:2      | Found a bloodstained altar of Trog.
  1284 | D:2      | Learned a level 2 spell: Searing Ray
  1288 | D:2      | Learned a level 3 spell: Dazzling Spray
  1728 | D:2      | Reached XP level 4. HP: 20/36 MP: 3/7
  1980 | D:3      | Slain by a gnoll

Skill      XL: |  1  2  3 |
---------------+----------+-----
Fighting       | 1 2 |  2.3
Dodging        | |  1.8
Stealth        | |  1.7
Spellcasting   | |  2.6
Conjurations   | |  4.7

Action                   |  1- 3 |  4- 6 || total
-------------------------+-------+-------++-------
Melee: Unarmed           |    12 |       ||    12
       Tailslap          |    15 |       ||    15
       Dagger            |   172 |       ||   172
 Cast: Magic Dart        |    17 |       ||    17
       Searing Ray       |     2 |     2 ||     4
  Use: Potion            |       |     2 ||     2
 Stab: Sleeping          |     1 |       ||     1
  Eat: Chunk             |     3 |       ||     3
Armor: Skin              |    56 |     7 ||    63
Dodge: Dodged            |   145 |     8 ||   153
